 Dungeon Crawl Stone Soup version 0.27.1-34-g3ba077fa99 (webtiles) character file.

Game seed: 8076826627807898679

271 cbfl8 the Skirmisher (level 6, 0/58 HPs)
             Began as a Minotaur Wanderer on Jan 18, 2022.
             Succumbed to a scorpion's poison
             ... on level 5 of the Dungeon.
             The game lasted 00:08:31 (3391 turns).

cbfl8 the Skirmisher (Minotaur Wanderer)            Turns: 3391, Time: 00:08:32

Health: 0/58       AC: 12    Str: 16    XL:     6   Next: 2%
Magic:  5/5        EV:  5    Int:  9    God:
Gold:   95         SH:  0    Dex: 12    Spells: 5/5 levels left

rFire    . . .     SeeInvis .   h - +3 dagger
rCold    . . .     Faith    .   (no shield)
rNeg     . . .     Spirit   .   o - +0 plate armour
rPois    .         Reflect  .   (helmet restricted)
rElec    .         Harm     .   k - +0 cloak
rCorr    .         Rampage  .   (no gloves)
Will     .....                  (no boots)
Stlth    ..........             (no amulet)
HPRegen  0.19/turn              (no ring)
MPRegen  0.09/turn              (no ring)

@: lethally poisoned (0 -> -11), attractive, hasted (expiring), very quick
A: horns 2, retaliatory headbutt
a: no special abilities


You were on level 5 of the Dungeon.
You visited 1 branch of the dungeon, and saw 5 of its levels.

You collected 95 gold pieces.

Inventory:

Hand Weapons
 a - a +2 hand axe
 d - a +0 dagger
 h - a +3 dagger (weapon)
Armour
 c - a +0 robe
 k - a +0 cloak (worn)
 o - a +0 plate armour (worn)
Scrolls
 e - a scroll of fear
 f - a scroll of magic mapping
 j - a scroll of immolation
 n - a scroll of identify {unknown}
 p - a scroll of holy word {unknown}
Potions
 g - a potion of haste
 l - a potion of mutation {unknown}


   Skills:
 + Level 6.7 Fighting
 + Level 1.2 Short Blades
 + Level 3.0 Axes
 + Level 3.3 Armour
 + Level 1.8 Dodging
 + Level 2.0 Stealth
 + Level 2.6 Shields


You had 5 spell levels left.
You didn't know any spells.
Your spell library was empty.

Dungeon Overview and Level Annotations

Branches:
Dungeon (5/15)
 Temple: D:4-7

Altars:
Ashenzari
Gozag
Uskayaw
Zin

Annotations:
D:2 Jessica
D:3 3 runed translucent doors, cbfl8's ghost, amateur MiDe
D:4 Blork the orc; Dowan; Duvessa


Innate Abilities, Weirdness & Mutations

You have a pair of horns on your head.
You reflexively headbutt those who attack you in melee.


Message History

Found a whip.
The hound stops to sniff the ground.
Found a pair of boots and a scratched onyx ring.
Found an escape hatch in the ceiling.
Found a broken altar of Ashenzari.
The hound bites you but does no damage. The hound completely misses you.
You furiously retaliate!
You headbutt the hound.
You see here 23 stones.
The hound bites you.
There is a stone staircase leading up here.
Found a scroll of immolation.
The hound bites you.
There is a stone staircase leading up here.
The hound bites you but does no damage.
You climb upwards.
Level annotation: Blork the orc; Dowan; Duvessa The hobgoblin completely misses you.
There is a stone staircase leading down here.
The hound bites you but does no damage.
You climb downwards.
The scorpion stings you.
There is a stone staircase leading up, spattered with blood here.
You hit the hobgoblin.
The hobgoblin is moderately wounded.
The hound bites you but does no damage. The hobgoblin hits you with a +0 mace!
* * * LOW HITPOINT WARNING * * *
The scorpion stings you.
* * * LOW HITPOINT WARNING * * *
You are lethally poisoned!
The scorpion poisons you!
Your plate armour prevents you from hitting the hobgoblin.
The hobgoblin is moderately wounded.
Your extra speed is starting to run out.
* * * LOW HITPOINT WARNING * * *
You feel very sick. The hound barely misses you. You furiously retaliate!
You headbutt the hound! The hobgoblin barely misses you.
It was a potion of attraction.
You feel attractive to monsters.
You die...

..=....###........
...###..........
_#####[.##....
...###..###s#### ..
...............#
..#..##.#...#####.#
# .... #.##..#
#.##.# .....
#h##..# #....#
.....##@###s#
#.#### ?.....sg#
#.#####.#
#..(....###.......#
#######.<.s....####
##########


You could see a scorpion, a hound and a hobgoblin.

Vanquished Creatures
  A scorpion (D:4)
  2 centaur skeletons (D:4)
  Natasha (thrice) (D:3)
  A hound zombie (D:4)
  A gnoll (D:1)
  An adder skeleton (D:4)
  An adder zombie (D:4)
  2 dart slugs
  An orc (D:3)
  5 ball pythons
  3 endoplasms
  2 giant cockroaches
  2 goblins
  2 hobgoblins
  10 jackals
  4 kobolds
  A quokka (D:1)
  A bat (D:1)
  2 frilled lizards
  3 rats
48 creatures vanquished.

Notes
Turn   | Place    | Note
-------+----------+-------------------------------------------
     0 | D:1      | cbfl8 the Minotaur Wanderer began the quest for the Orb.
     0 | D:1      | cbfl8 set off with the following items: a +2 hand axe, 2
                  | potions of curing, a +0 robe, a +0 dagger
     0 | D:1      | Reached XP level 1. HP: 22/22 MP: 0/0
    36 | D:1      | Reached skill level 5 in Fighting
   414 | D:1      | Reached XP level 2. HP: 21/29 MP: 1/1
  1330 | D:2      | Reached XP level 3. HP: 31/37 MP: 2/2
  1337 | D:2      | Reached skill level 6 in Fighting
  1710 | D:2      | Noticed Jessica
  1880 | D:3      | Found a hide-covered altar of Uskayaw.
  2089 | D:3      | Found a runed translucent gate.
  2089 | D:3      | Found a runed translucent gate.
  2089 | D:3      | Found a runed translucent gate.
  2090 | D:3      | Noticed cbfl8's ghost (amateur MiDe)
  2364 | D:3      | Found an opulent altar of Gozag.
  2400 | D:3      | Found a glowing silver altar of Zin.
  2438 | D:3      | Noticed Natasha
  2445 | D:3      | Killed Natasha
  2446 | D:3      | Reached XP level 4. HP: 36/45 MP: 3/3
  2452 | D:3      | Noticed Natasha
  2458 | D:3      | Killed Natasha
  2459 | D:3      | Reached skill level 1 in Armour
  2513 | D:3      | Noticed Natasha
  2522 | D:3      | Killed Natasha
  2745 | D:4      | Noticed Blork the orc
  2795 | D:4      | Noticed Dowan
  2795 | D:4      | Noticed Duvessa
  2901 | D:4      | Noticed a scorpion
  2916 | D:4      | Killed a scorpion
  2917 | D:4      | Reached skill level 1 in Short Blades
  2917 | D:4      | Reached skill level 1 in Dodging
  2917 | D:4      | Reached XP level 5. HP: 12/51 MP: 4/4
  3311 | D:4      | Noticed an ogre
  3314 | D:4      | Reached XP level 6. HP: 50/58 MP: 5/5
  3345 | D:5      | Entered Level 5 of the Dungeon
  3369 | D:5      | Found a broken altar of Ashenzari.
  3390 | D:5      | HP: 2/58 [poisoned by a scorpion]
  3391 | D:5      | Succumbed to a scorpion's poison

Illustrated notes

Levels and vault maps discovered:
D:1:      dpeg_arrival_simpleton_c, layout_loops_ring, hex_medium
D:2:      layout_basic, chequers_serial_rivers_large_b, minmay_misc_feat_chi,
          uniq_jessica
D:3:      layout_rooms, pdpol_temple_overflow_zin_treasury_gozag_greed,
          mainiacjoe_overflow_surrounded_room, gammafunk_ghost_necromancy,
          uniq_natasha
D:4:      layout_loops_ring, serial_undead, serial_undead_d, serial_undead_b,
          serial_undead_a, serial_undead_a, hangedman_feature_mirror,
          minmay_manual_mares, uniq_robin, uniq_blork_the_orc, uniq_menkaure,
          uniq_duvessa
D:5:      layout_loops_ring, amcnicky_altar_gilded, cheibrodos_ashenzari_chains,
          grunt_dithmenos_shadows, minivault_19, chequers_serial_rivers_micro_a,
          kennysheep_generic_room_15, uniq_eustachio, uniq_pikel, uniq_ijyb,
          uniq_edmund

Skill      XL: |  1  2  3  4  5 |
---------------+----------------+-----
Fighting       | 5 6 |  6.7
Axes           | 3 |  3.0
Armour         | 2 3 |  3.3
Short Blades   | 1 |  1.2
Dodging        | 1 |  1.8
Stealth        | 2 |  2.0
Shields        | |  2.6

Action                   |  1- 3 |  4- 6 || total
-------------------------+-------+-------++-------
Melee: Hand axe          |    12 |       ||    12
       Headbutt          |    17 |    13 ||    30
       Dagger            |    58 |    56 ||   114
Evoke: Wand              |     1 |       ||     1
  Use: Scroll            |     1 |     4 ||     5
       Potion            |       |     4 ||     4
Armor: Robe              |    22 |       ||    22
       Plate armour      |     4 |    59 ||    63
Dodge: Dodged            |    51 |    19 ||    70
